[Event "Team 45 45 League T86"]
[Site "Internet Chess Club"]
[Date "2020.10.27"]
[Round "4"]
[White "olivermx"]
[Black "clarinetref"]
[Result "1-0"]
[WhiteElo "1338"]
[BlackElo "1391"]
[Opening "Robatsch defense"]
[ECO "B06"]
[Time "21:39:59"]
[TimeControl "2700+45"]

1. e4 g6 2. d4 Bg7 3. Nc3 c5 4. dxc5 Qa5 5. Bd2 Qxc5 6. f4 d6 7. Bd3 Bd7 8. Nf3
Nc6 9. a3 Nh6 10. h3 f5 11. Na4 fxe4 12. Nxc5 exd3 13. Nxd7 dxc2 14. Qxc2 Kxd7
15. Bc3 Bxc3+ 16. Qxc3 Rac8 17. Qd2 Nf5 18. O-O h6 19. Rac1 Rhf8 {Black resigns}
1-0

[Event "Team 45 45 League T86"]
[Site "Internet Chess Club"]
[Date "2020.10.25"]
[Round "4"]
[White "sdcohle"]
[Black "Balderdash"]
[Result "1-0"]
[WhiteElo "1364"]
[BlackElo "1182"]
[Opening "Ruy Lopez: Berlin defense"]
[ECO "C65"]
[Time "20:00:51"]
[TimeControl "2700+45"]

1. e4 e5 2. Nf3 Nc6 3. Bb5 Nf6 4. Qe2 Bd6 5. c3 a6 6. Ba4 b5 7. Bc2 Ng4 8. h3
Nf6 9. O-O Ne7 10. d4 Ng6 11. dxe5 Nxe5 12. Re1 Nh5 13. Nxe5 Bxe5 14. Qxh5 g6
15. Qxe5+ Qe7 16. Qxh8+ Qf8 17. Qxf8+ Kxf8 18. Bf4 c6 19. Nd2 Bb7 20. e5 Re8 21.
Nf3 Kg7 22. Be4 h5 23. Rad1 Bc8 24. Nd2 Re6 25. Nb3 f5 26. exf6+ Rxf6 27. Be5 d5
28. Bxf6+ Kxf6 29. Bf3 Bf5 30. Nc5 a5 31. g4 hxg4 32. Bxg4 Bc2 33. Re6+ Kg5 34.
Rde1 b4 35. cxb4 a4 36. Rxc6 d4 37. Ne6+ Kh6 38. Rxc2 d3 39. Rd2 a3 40. bxa3 Kh7
41. Nf8+ Kh6 42. Nxg6 Kg5 43. Kg2 Kh6 44. Kg3 Kg5 45. Rxd3 Kh6 46. Rd5 Kg7 47.
Re6 Kf7 48. Nh4 Kg7 49. Ra6 Kf7 50. Rd7+ Ke8 51. Ra8# {Black checkmated} 1-0

[Event "Team 45 45 League T86"]
[Site "Internet Chess Club"]
[Date "2020.10.23"]
[Round "4"]
[White "Conjurer"]
[Black "gregorgg"]
[Result "0-1"]
[WhiteElo "1164"]
[BlackElo "1312"]
[Opening "Queen's pawn, Mason variation"]
[ECO "D00"]
[Time "13:06:37"]
[TimeControl "2700+45"]

1. d4 d5 2. Bf4 Nf6 3. e3 e6 4. Nf3 Bd6 5. Bg3 O-O 6. Bd3 c5 7. c3 Nc6 8. Qc2 c4
9. Be2 b5 10. Ne5 Qc7 11. f4 Ne7 12. O-O Nf5 13. Be1 Nxe3 14. Qd2 Nxf1 15. Kxf1
Ne4 {White resigns} 0-1

[Event "Team 45 45 League T86"]
[Site "Internet Chess Club"]
[Date "2020.10.23"]
[Round "4"]
[White "dwmt"]
[Black "oldbookseller"]
[Result "1-0"]
[WhiteElo "1136"]
[BlackElo "946"]
[Opening "Polish (Sokolsky) opening"]
[ECO "A00"]
[Time "08:01:15"]
[TimeControl "2700+45"]

1. b4 b5 2. Bb2 e6 3. e4 Nc6 4. a3 a6 5. d3 Bd6 6. Bxg7 Be5 7. Bxh8 Bxh8 8. c3
Qe7 9. Nd2 e5 10. Ngf3 f6 11. g3 Bb7 12. Bg2 O-O-O 13. O-O f5 14. a4 Na7 15. a5
Nf6 16. exf5 Ng4 17. Rc1 Qf6 18. Nh4 Bxg2 19. Kxg2 Rg8 20. Ne4 Qc6 21. Kg1 Nf6
22. Nxf6 Bxf6 23. Qf3 Bxh4 24. Qxc6 Nxc6 25. Kh1 e4 26. gxh4 Ne5 27. dxe4 Nf3
28. c4 Nxh4 29. cxb5 axb5 30. Rg1 Re8 31. Rg4 Nf3 32. Kg2 Ne5 33. Rg7 h5 34. a6
Nd3 35. Ra1 h4 36. Kf3 Ne5+ 37. Ke2 Nc6 38. f3 Nd4+ 39. Kf2 Nc6 40. a7 Kb7 41.
Rxd7 Nxb4 42. Rh7 Nd3+ 43. Ke3 Ne5 44. Rxh4 Nc4+ 45. Kf4 b4 46. Rb1 Kxa7 47.
Rxb4 Nd6 48. Rh7 {Black resigns} 1-0

[Event "Team 45 45 League T86"]
[Site "Internet Chess Club"]
[Date "2020.10.22"]
[Round "4"]
[White "Chess4Him"]
[Black "ascoli"]
[Result "0-1"]
[WhiteElo "1521"]
[BlackElo "1651"]
[Opening "Queen's pawn, Mason variation, Steinitz counter-gambit"]
[ECO "D00"]
[Time "12:31:11"]
[TimeControl "2700+45"]

1. d4 d5 2. Bf4 c5 3. e3 cxd4 4. exd4 Nf6 5. Nf3 Bg4 6. Nbd2 e6 7. Bd3 Nc6 8. c3
Bd6 9. Bg3 Bxg3 10. hxg3 a6 11. Qb3 b5 12. Ne5 Nxe5 13. dxe5 Nd7 14. f3 Nxe5 15.
Bxb5+ axb5 16. Qxb5+ Qd7 17. Qe2 Qd6 18. fxg4 O-O 19. Rh5 Nc4 20. Qd3 g6 21.
Nxc4 Qa6 22. Rh1 Qxc4 23. Qxc4 dxc4 24. Rf1 Rfb8 25. Rf2 Rb5 26. Kd1 Rd8+ 27.
Kc2 Rdb8 28. Rb1 Ra8 29. a3 e5 30. Re2 Rd8 31. Re3 Rd6 32. a4 Ra5 33. Ra1 Rf6
34. Rf3 Rfa6 35. Re3 f6 36. b4 cxb3+ 37. Kxb3 Rb6+ 38. Kc2 Rc6 39. Re4 Rac5 40.
Ra3 Kf7 41. a5 Ra6 42. Rea4 Ke6 43. c4 e4 44. Kd2 Rg5 45. c5 Kd5 46. Ke3 Rxg4
47. Rd4+ Kxc5 48. Rc3+ Kb5 49. Rb3+ Kxa5 50. Ra3+ Kb5 51. Rxa6 Kxa6 52. Rxe4
Rxg3+ 53. Kf2 Rb3 54. Re6+ Rb6 55. Re3 Kb5 56. Re7 h5 57. Kf3 Kc5 58. Re8 Kd5
59. Kf4 Re6 60. Rd8+ Rd6 61. Re8 Kc6 62. Re2 Rd4+ 63. Kf3 Kd6 64. Re8 g5 65.
Rd8+ Ke5 66. Re8+ Kf5 67. g3 Rd3+ 68. Kf2 Kg4 69. Re4+ Kh3 70. g4 hxg4 71. Ke2
Rf3 72. Re8 Kg2 73. Rh8 Rf2+ 74. Ke1 g3 75. Rg8 Kg1 76. Rh8 g2 77. Rh6 Rf5 78.
Rh3 Re5+ 79. Kd2 Kf2 80. Rh6 g1=Q 81. Rxf6+ Kg3 {White resigns} 0-1

[Event "Team 45 45 League T86"]
[Site "Internet Chess Club"]
[Date "2020.10.25"]
[Round "4"]
[White "dabodhi"]
[Black "BrerRabbit"]
[Result "0-1"]
[WhiteElo "1342"]
[BlackElo "1427"]
[Opening "Sicilian defense"]
[ECO "B40"]
[Time "19:04:51"]
[TimeControl "2700+45"]

1. e4 c5 2. Nf3 e6 3. Nc3 a6 4. g3 b5 5. Bg2 Bb7 6. d3 d6 7. O-O Nf6 8. d4 cxd4
9. Nxd4 b4 10. Na4 Bxe4 11. Bxe4 Nxe4 12. Re1 d5 13. Nxe6 fxe6 14. Qh5+ g6 15.
Qe5 Qf6 16. Rxe4 Qxe5 17. Rxe5 Kf7 18. Nb6 Ra7 19. Re3 Rc7 20. Rf3+ Kg7 21. Bf4
Rb7 22. Be5+ Kg8 23. Bxh8 Rxb6 24. Bd4 Rc6 25. Re1 Bh6 26. c3 bxc3 27. Bxc3 Nd7
28. Kg2 Bg7 29. Bxg7 Kxg7 30. Rc3 Rxc3 31. bxc3 Nc5 32. f3 Kf6 33. g4 g5 34. Kg3
Na4 35. Rc1 e5 36. c4 d4 37. c5 Nc3 38. Rc2 Ke6 39. h4 h6 40. a3 Kd5 41. f4
exf4+ 42. Kf3 Kxc5 43. hxg5 hxg5 44. Rb2 a5 45. Rb8 Kc4 46. Rc8+ Kd3 47. Rg8 Kc2
48. Rxg5 d3 49. Rg8 d2 50. Rd8 d1=Q+ 51. Rxd1 Kxd1 52. g5 Nd5 53. g6 Kc2 54. g7
Nf6 55. a4 Kb3 56. Ke2 Kxa4 57. Kf3 Kb3 58. Kxf4 Nh5+ {White resigns} 0-1

[Event "Team 45 45 League T86"]
[Site "Internet Chess Club"]
[Date "2020.10.26"]
[Round "4"]
[White "Signofthetimes"]
[Black "Timmah4651"]
[Result "1-0"]
[WhiteElo "1550"]
[BlackElo "1517"]
[Opening "French defense"]
[ECO "C00"]
[Time "22:00:30"]
[TimeControl "2700+45"]

1. e4 e6 2. Nf3 d5 3. exd5 exd5 4. d4 Bd6 5. Nc3 c6 6. Be3 Bg4 7. Be2 Ne7 8. h3
Bh5 9. Qd2 Nf5 10. g4 Nxe3 11. Qxe3+ Be7 12. gxh5 Nd7 13. Rg1 g6 14. hxg6 hxg6
15. Rh1 Qb6 16. O-O-O Kd8 17. Ne5 Nxe5 18. Qxe5 Re8 19. Qf4 f5 20. h4 Kd7 21. h5
Bb4 22. Kd2 Re4 23. Qg5 Rae8 24. Bd3 Qxd4 25. hxg6 Rf4 26. Rh7+ Be7 27. Qg3 Rg4
28. Qe3 Qxe3+ 29. Kxe3 d4+ 30. Kf3 Rg5 31. Ne2 c5 32. Rg1 Rxg1 33. Nxg1 Ke6 34.
Nh3 Kf6 35. Nf4 Rd8 36. g7 Rg8 37. Nd5+ Kf7 38. Nxe7 Kxe7 39. Bc4 {Black
resigns} 1-0

[Event "Team 45 45 League T86"]
[Site "Internet Chess Club"]
[Date "2020.10.25"]
[Round "4"]
[White "Snuffleupegus"]
[Black "scostanzo212"]
[Result "0-1"]
[WhiteElo "1474"]
[BlackElo "1620"]
[Opening "Réti: old Indian attack"]
[ECO "A00"]
[Time "18:15:57"]
[TimeControl "2700+45"]

1. d3 d5 2. Nf3 Nf6 3. g3 c6 4. Bg2 e6 5. O-O Bd6 6. Nc3 O-O 7. e4 dxe4 8. dxe4
Qc7 9. Bg5 Nbd7 10. Qe2 Bb4 11. Nd1 h6 12. Be3 Rd8 13. Nd2 e5 14. f4 Bc5 15. f5
Bxe3+ 16. Nxe3 b6 17. g4 Nc5 18. b4 Ba6 19. c4 Nd3 20. h4 Nf4 21. Qf2 Qd6 22.
Rad1 Qxb4 23. g5 hxg5 24. hxg5 N6h5 25. Nf3 Bxc4 26. Nxc4 Qxc4 27. Nxe5 Qa4 28.
f6 Rxd1 29. Rxd1 Qxd1+ 30. Kh2 {White resigns} 0-1

[Event "Team 45 45 League T86"]
[Site "Internet Chess Club"]
[Date "2020.10.21"]
[Round "4"]
[White "Kingofknights"]
[Black "Grenadier"]
[Result "0-1"]
[WhiteElo "1541"]
[BlackElo "1576"]
[Opening "Nimzo-Indian: 4.e3"]
[ECO "E40"]
[Time "17:30:38"]
[TimeControl "2700+45"]

1. d4 Nf6 2. c4 e6 3. Nc3 Bb4 4. e3 Ne4 5. Qc2 d5 6. Bd3 f5 7. Ne2 O-O 8. O-O c6
9. a3 Bd6 10. f3 Qh4 11. f4 Rf6 12. Bxe4 fxe4 13. c5 Bc7 14. Rf2 e5 15. dxe5
Bxe5 16. Ng3 Bc7 17. Nce2 b6 18. b4 Nd7 19. Bb2 Rh6 20. Nf1 Nf6 21. Bxf6 Qxf6
22. Nd4 Ba6 23. Rc1 Bd3 24. Qc3 b5 25. Nd2 Rf8 26. g3 Rg6 27. Kh1 h5 28. Rg1 Be5
29. N2b3 Bc4 30. Na5 Bxd4 31. Qxd4 Qxd4 32. exd4 Bd3 33. Ra2 h4 34. gxh4 Rxg1+
35. Kxg1 Rxf4 36. Nxc6 e3 37. Ne5 Rxd4 38. c6 Bc4 39. c7 Rd1+ 40. Kg2 Bf1+ 41.
Kf3 Rc1 42. Kxe3 Rxc7 43. Kd4 Bc4 44. Rf2 Re7 45. h5 Kh7 46. Rf5 a6 47. Nxc4
dxc4 48. a4 Rb7 49. axb5 Rxb5 50. Rc5 Rxb4 51. Ra5 Rb5 52. Rxa6 Rxh5 53. Kxc4
Rxh2 54. Kd3 Rf2 55. Ke3 Rf6 56. Ra2 g5 57. Rh2+ Kg6 58. Ke4 g4 59. Rh8 Kg5 60.
Rh7 g3 61. Rg7+ Kh4 62. Rh7+ Kg4 63. Rg7+ Kh3 64. Ke3 g2 65. Ke2 Kh2 66. Rh7+
Kg1 67. Rg7 Rf2+ 68. Ke1 Rf5 69. Rg8 Re5+ 70. Kd2 Re4 71. Rg7 Kf2 72. Rf7+ Kg3
73. Kd3 Rg4 {White resigns} 0-1

[Event "Team 45 45 League T86"]
[Site "Internet Chess Club"]
[Date "2020.10.25"]
[Round "4"]
[White "GoIrish"]
[Black "tightfist"]
[Result "1/2-1/2"]
[WhiteElo "1502"]
[BlackElo "1497"]
[Opening "Réti opening"]
[ECO "A05"]
[Time "20:04:21"]
[TimeControl "2700+45"]

1. Nf3 Nf6 2. g3 b6 3. Bg2 Bb7 4. O-O e6 5. d3 Be7 6. e4 d6 7. Nbd2 O-O 8. b3
Nbd7 9. Bb2 Rb8 10. Qe2 e5 11. d4 exd4 12. Nxd4 Re8 13. Nf5 Bf8 14. f3 g6 15.
Ne3 Bg7 16. Rab1 d5 17. Qf2 Ne5 18. Bxe5 Rxe5 19. f4 Re7 20. e5 Ne4 21. Nxe4
dxe4 22. Rbd1 Qe8 23. Nd5 Bxd5 24. Rxd5 f5 25. Qe2 Rd8 26. Rfd1 Rxd5 27. Rxd5
Rd7 28. Qc4 Kf8 29. Qd4 {Game drawn by mutual agreement} 1/2-1/2

[Event "Team 45 45 League T86"]
[Site "Internet Chess Club"]
[Date "2020.10.23"]
[Round "4"]
[White "Insan996"]
[Black "QuieroAprender"]
[Result "1-0"]
[WhiteElo "1617"]
[BlackElo "1652"]
[Opening "Nimzo-Indian: 4.e3 e8g8, 5.Nf3, without ...d5"]
[ECO "E50"]
[Time "21:16:12"]
[TimeControl "2700+45"]

1. d4 Nf6 2. Nf3 e6 3. c4 Bb4+ 4. Nc3 O-O 5. e3 Re8 6. Bd3 d5 7. O-O Bf8 8. Ne5
c6 9. b3 Nbd7 10. Nxd7 Nxd7 11. Bb2 Nf6 12. h3 a5 13. Qf3 dxc4 14. Bxc4 Nd5 15.
a4 b6 16. Rac1 Bb7 17. Nxd5 exd5 18. Bd3 g6 19. e4 Bg7 20. exd5 cxd5 21. Bb5 Re6
22. Rfe1 Rc8 23. Rxe6 Rxc1+ 24. Bxc1 fxe6 25. Bb2 Qd6 26. Qe3 Kf7 27. Qf3+ Ke7
28. Bc1 e5 29. Bg5+ Bf6 30. Bxf6+ Qxf6 31. Qg4 Kf8 32. Qd7 Qe7 33. Qxe7+ Kxe7
34. dxe5 Ke6 35. f4 d4 36. g3 h5 37. Kf2 Be4 38. Ke2 Bf5 39. Bc4+ Ke7 40. h4 Bc2
41. Kd2 Be4 42. Bd3 Bd5 43. Bc2 Be6 44. Bd1 Bf5 45. Be2 Be6 46. Kc2 Kd7 47. Bc4
Bf5+ 48. Bd3 Bg4 49. Bxg6 Kc6 50. Kd3 Kc5 51. Bf7 Bf5+ 52. Kd2 Kb4 53. Bc4 Kc5
54. Bf7 Bg4 55. e6 Kd6 56. Kd3 Bd1 57. e7 Kxe7 58. Bc4 Kd6 59. Kxd4 Bc2 60. Bf7
Bd1 61. Ke4 Bc2+ 62. Kd4 Bd1 63. f5 Ke7 64. Be6 Bf3 65. Ke5 Bd1 66. Kf4 Kf6 67.
Bc4 Bc2 68. Be6 Bd1 69. Ke3 Bc2 70. Kf4 Bd1 71. Bc4 Bc2 72. Ke3 Kxf5 73. Kd2 Be4
74. Be2 Kg6 75. Kc3 Bd5 76. Bc4 Bf3 77. Kd4 Kf5 78. Ke3 Kg4 79. Kf2 Be4 80. Be6+
Bf5 81. Bxf5+ Kxf5 82. Kf3 Ke5 83. g4 hxg4+ 84. Kxg4 Kd4 85. h5 Kc3 86. h6 Kxb3
87. h7 Kxa4 88. h8=Q b5 89. Kf3 Kb3 90. Ke3 a4 91. Qg8+ Kb2 92. Qg7+ Kb3 93.
Qf7+ Ka3 94. Qf6 b4 95. Kd3 Kb3 96. Qe6+ Kb2 97. Qe5+ Ka2 98. Qe2+ Kb3 99. Qd1+
Ka3 100. Qc1+ Kb3 101. Qc2+ Ka3 102. Qb1 b3 103. Kc3 b2 104. Qxb2# {Black
checkmated} 1-0

[Event "Team 45 45 League T86"]
[Site "Internet Chess Club"]
[Date "2020.10.25"]
[Round "4"]
[White "kabindra"]
[Black "nidusin2"]
[Result "0-1"]
[WhiteElo "1634"]
[BlackElo "1665"]
[Opening "King's pawn opening"]
[ECO "B07"]
[Time "12:00:23"]
[TimeControl "2700+45"]

1. e4 d6 2. d4 Nd7 3. Nc3 e5 4. Bc4 Ngf6 5. Nf3 h6 6. O-O Be7 7. dxe5 dxe5 8.
Qe2 c6 9. Rd1 Qc7 10. Nh4 O-O 11. Ng6 Re8 12. Nxe7+ Rxe7 13. Be3 b5 14. Bb3 a5
15. a4 b4 16. Nb1 Ba6 17. Qe1 c5 18. Bd5 Nxd5 19. exd5 Qd6 20. c3 Rae8 21. b3
Qg6 22. c4 Bc8 23. Nd2 f5 24. Nf3 f4 25. Bc1 e4 26. Nh4 Qf6 27. g3 Qxa1 28. Nf5
Qe5 29. Nxe7+ Qxe7 30. Bxf4 g5 31. Bc7 e3 32. d6 Qe4 33. fxe3 Qxe3+ 34. Qxe3
Rxe3 35. Kf2 Rxb3 36. Re1 Kf8 37. Bxa5 Ra3 38. Bd8 Rxa4 39. Re7 b3 {White
resigns} 0-1

[Event "Team 45 45 League T86"]
[Site "Internet Chess Club"]
[Date "2020.10.24"]
[Round "4"]
[White "Kingfisher75"]
[Black "VictorRed"]
[Result "1/2-1/2"]
[WhiteElo "1521"]
[BlackElo "1600"]
[Opening "Philidor's defense"]
[ECO "C41"]
[Time "09:02:21"]
[TimeControl "2700+45"]

1. e4 e5 2. Nf3 d6 3. d4 Bg4 4. Be3 Nc6 5. Be2 Nf6 6. Nc3 Be7 7. O-O O-O 8. h3
Bh5 9. dxe5 dxe5 10. Qxd8 Raxd8 11. a3 a6 12. Rad1 Bxf3 13. Bxf3 Nd4 14. Bxd4
Rxd4 15. Rxd4 exd4 16. Nd5 Nxd5 17. exd5 Rd8 18. Rd1 Bf6 19. Rd3 Rd6 20. c4 dxc3
21. bxc3 c5 22. Re3 Kf8 23. c4 b5 24. cxb5 axb5 25. Rb3 Rb6 26. Be2 b4 27. axb4
cxb4 28. Bc4 Bc3 29. Kf1 Ke7 30. Ke2 Kd6 31. Rb1 Kc5 32. Bb3 Rg6 33. g3 Rf6 34.
f4 Ra6 35. Kf3 f6 36. Ke4 g6 37. Rd1 f5+ 38. Ke3 Ra7 39. d6 Rd7 40. Rd5+ Kc6 41.
Kf3 Rxd6 42. Rxd6+ Kxd6 43. g4 Ke7 {Game drawn by mutual agreement} 1/2-1/2

[Event "Team 45 45 League T86"]
[Site "Internet Chess Club"]
[Date "2020.10.25"]
[Round "4"]
[White "Toalla"]
[Black "jg250686"]
[Result "1-0"]
[WhiteElo "1198"]
[BlackElo "1328"]
[Opening "Nimzovich-Larsen attack: classical variation"]
[ECO "A01"]
[Time "13:27:51"]
[TimeControl "2700+45"]

1. b3 d5 2. Bb2 c5 3. Nf3 Nc6 4. e3 Bg4 5. h3 Bh5 6. Bb5 f6 7. c4 e6 8. cxd5
exd5 9. O-O Bd6 10. d4 Ne7 11. Nbd2 O-O 12. Be2 Qc7 13. dxc5 Bxc5 14. Nd4 Bxd4
15. exd4 Bxe2 16. Qxe2 Nf5 17. Nf3 Rae8 18. Qb5 Rd8 19. Rac1 a6 20. Qc5 Qa5 21.
Ba3 Qc7 22. Rfe1 Qf4 23. Qc3 Rfe8 24. Rxe8+ Rxe8 25. Re1 Re4 26. Rxe4 Qxe4 27.
Bc5 Qb1+ 28. Qe1 Qe4 29. Qc3 Kf7 30. g4 Nh6 31. Ne1 Kg6 32. Qe3 Nf7 33. Qf3
Qxe1+ 34. Kg2 Qe4 35. Qxe4+ dxe4 36. Kg3 h5 37. d5 Nce5 38. d6 hxg4 39. hxg4 Kg5
40. Be3+ Kg6 41. Bc5 Nd3 42. Ba3 Kg5 43. f3 e3 44. d7 Nde5 45. f4+ Kh6 46. fxe5
fxe5 47. Bc1 Kg6 48. Bxe3 Kf6 49. g5+ Ke6 50. Kg4 Kxd7 51. Kf5 Ke7 52. g6 Nh8
53. Bc5+ Kd7 54. Bf8 e4 55. Bxg7 Nxg6 56. Kxg6 e3 57. Bc3 Kd6 58. Kf5 Kd5 59.
Kf4 e2 60. Kf3 e1=Q 61. Bxe1 Kc5 62. Ke3 b5 63. Kd3 b4 64. Bf2+ Kb5 65. Bd4 a5
66. Be3 a4 67. Kd4 axb3 68. axb3 {Black resigns} 1-0

[Event "Team 45 45 League T86"]
[Site "Internet Chess Club"]
[Date "2020.10.24"]
[Round "4"]
[White "kabindra"]
[Black "noblitz-oblige"]
[Result "1-0"]
[WhiteElo "1649"]
[BlackElo "1531"]
[Opening "Two knights defense"]
[ECO "C55"]
[Time "12:16:58"]
[TimeControl "2700+45"]

1. e4 e5 2. Bc4 Nf6 3. d4 Nc6 4. Nf3 exd4 5. O-O Be7 6. e5 Ng4 7. Re1 d6 8. exd6
Qxd6 9. Bg5 O-O 10. Bxe7 Nxe7 11. h3 Nf6 12. Qxd4 Nf5 13. Qe5 Bd7 14. Nc3 Rfe8
15. Qxd6 Nxd6 16. Bb3 Bc6 17. Ne5 Bd7 18. Nxd7 Nxd7 19. Nd5 Rxe1+ 20. Rxe1 c6
21. Re7 Rd8 22. Ne3 Kf8 23. Nf5 g6 24. Nxd6 Kxe7 25. Nxb7 Rb8 26. Na5 Nc5 27.
Nxc6+ {Black resigns} 1-0

[Event "Team 45 45 League T86"]
[Site "Internet Chess Club"]
[Date "2020.10.25"]
[Round "4"]
[White "stanbeers"]
[Black "MartyJR"]
[Result "1-0"]
[WhiteElo "1430"]
[BlackElo "1469"]
[Opening "Queen's pawn game"]
[ECO "D00"]
[Time "20:00:32"]
[TimeControl "2700+45"]

1. d4 d5 2. c3 Nf6 3. Bg5 c6 4. Nd2 h6 5. Bh4 Bf5 6. e3 Nbd7 7. Nb3 e6 8. Bd3
Bxd3 9. Qxd3 Be7 10. f3 Nh5 11. Bxe7 Qxe7 12. Ne2 Qh4+ 13. g3 Qe7 14. O-O-O
O-O-O 15. g4 Nhf6 16. Ng3 e5 17. Nf5 Qf8 18. Qe2 e4 19. f4 g6 20. Ng3 Nb6 21. g5
hxg5 22. fxg5 Nfd7 23. Rhf1 Qe7 24. Qf2 Rdf8 25. Qf4 Nc4 26. Rf2 Qd6 27. Qxd6
Nxd6 28. Nd2 Nb6 29. Rdf1 Kd7 30. Ne2 Nf5 31. Ng3 Nxe3 32. Rxf7+ Rxf7 33. Rxf7+
Kc8 34. Ndf1 Nxf1 35. Nxf1 Rg8 36. b3 Nd7 37. h4 Nf8 38. Kd2 Ne6 39. Ke3 Rg7 40.
Rf6 Kd7 41. Ng3 Ke7 42. Nxe4 Nf8 43. Nc5 b6 44. Nd3 Rf7 45. Rxc6 Ne6 46. Ne5 Rg7
47. Rc8 Kd6 48. Rc6+ Ke7 49. a4 Rg8 50. b4 Nd8 51. Rxg6 Rxg6 52. Nxg6+ Kf7 53.
Ne5+ Kg7 54. h5 {Black resigns} 1-0

[Event "Team 45 45 League T86"]
[Site "Internet Chess Club"]
[Date "2020.10.23"]
[Round "4"]
[White "kabubi"]
[Black "OGO"]
[Result "1-0"]
[WhiteElo "1133"]
[BlackElo "1174"]
[Opening "Sicilian: Nimzovich-Rossolimo attack (without ...d6)"]
[ECO "B30"]
[Time "14:01:19"]
[TimeControl "2700+45"]

1. e4 c5 2. Nf3 Nc6 3. Bb5 a6 4. Bxc6 bxc6 5. d4 cxd4 6. Qxd4 e6 7. O-O c5 8.
Qa4 Bb7 9. Nbd2 Nf6 10. e5 Nd5 11. Qe4 Qc7 12. Qg4 h5 13. Qg5 g6 14. c4 Be7 15.
Qg3 d6 16. cxd5 Bxd5 17. Re1 dxe5 18. Qxe5 Qxe5 19. Nxe5 {Black resigns} 1-0

[Event "Team 45 45 League T86"]
[Site "Internet Chess Club"]
[Date "2020.10.25"]
[Round "4"]
[White "kingsrook"]
[Black "WzeroMN"]
[Result "0-1"]
[WhiteElo "1140"]
[BlackElo "1072"]
[Opening "Queen's pawn game"]
[ECO "E20"]
[Time "13:30:35"]
[TimeControl "2700+45"]

1. d4 e6 2. c4 Nf6 3. Nc3 Be7 4. e4 Bb4 5. a3 Bxc3+ 6. bxc3 Nxe4 7. Qc2 Nf6 8.
Bd3 O-O 9. Nf3 h6 10. O-O b6 11. Re1 d6 12. Rb1 Re8 13. h3 Bb7 14. Bf4 Bxf3 15.
gxf3 c5 16. Be4 d5 17. Bd3 Nbd7 {White forfeits on time} 0-1

[Event "Team 45 45 League T86"]
[Site "Internet Chess Club"]
[Date "2020.10.24"]
[Round "4"]
[White "cap78red"]
[Black "mongmong"]
[Result "0-1"]
[WhiteElo "1405"]
[BlackElo "1430"]
[Opening "English: Mikenas-Carls variation"]
[ECO "A18"]
[Time "14:02:45"]
[TimeControl "2700+45"]

1. c4 e6 2. Nc3 Nf6 3. e4 d6 4. f4 Be7 5. Nf3 b6 6. Be2 Bb7 7. d3 c5 8. O-O O-O
9. Ng5 Nc6 10. Be3 Nd7 11. Bh5 Bf6 12. Qg4 h6 13. Nh3 Kh7 14. f5 Nde5 15. Qg3
Bh4 16. Ng5+ Bxg5 17. fxe6 Bxe3+ 18. Qxe3 fxe6 19. Qg3 Qe7 20. Ne2 g6 21. Bg4
Nxg4 22. Qxg4 e5 23. h4 h5 24. Qg3 Kg7 25. Nc3 Rxf1+ 26. Rxf1 Nd4 27. Re1 Rf8
28. Nd1 Qf6 29. Ne3 Qf4 30. Qxf4 Rxf4 31. Rd1 Rf7 32. b3 Bc8 33. Rd2 Be6 34. Rb2
a5 35. a4 Nc6 36. Rd2 Nb4 37. Nd1 Rf4 38. Ne3 Rxh4 39. g3 Rg4 40. Nxg4 Bxg4 41.
Kf2 Nc6 42. Ke3 Nd4 43. Rb2 Bd1 44. Kd2 Bg4 45. Rb1 Kf6 46. Rf1+ Nf3+ 47. Ke3
Kg5 48. Rf2 h4 49. gxh4+ Kxh4 50. Rf1 Kg5 51. Rh1 Nh4 52. Rf1 Nf3 53. Rh1 Bh5
54. Rf1 Kh6 55. Rf2 g5 56. Rg2 g4 57. Kf2 Kg5 58. Kg3 Nd4 59. Rb2 Ne6 60. Rf2
Nf4 61. Rd2 Be8 62. Rb2 Bd7 63. Rd2 Nh5+ 64. Kg2 g3 65. Rd1 Kg4 66. Rh1 Be8 67.
Kf1 Kf3 68. Rh4 Bg6 69. Rh3 Ke3 70. Rh4 Kxd3 71. Kg1 Ke3 72. Rg4 Bxe4 73. Rg8 g2
74. Rb8 Nf4 75. Kh2 Ne2 76. Rg8 g1=Q+ 77. Rxg1 Nxg1 78. Kxg1 Bc2 79. b4 axb4 80.
a5 bxa5 81. Kh2 a4 82. Kg3 a3 83. Kg4 a2 84. Kg5 a1=Q 85. Kf6 Qd4 86. Ke6 Bb3
87. Kf5 Bxc4 88. Kg5 Qf4+ 89. Kh5 b3 90. Kg6 b2 91. Kg7 b1=R 92. Kg6 Rg1+ 93.
Kh7 Qh2# {White checkmated} 0-1

[Event "Team 45 45 League T86"]
[Site "Internet Chess Club"]
[Date "2020.10.26"]
[Round "4"]
[White "xingon"]
[Black "Visin"]
[Result "0-1"]
[WhiteElo "1379"]
[BlackElo "1197"]
[Opening "Queen's bishop game"]
[ECO "D00"]
[Time "14:00:25"]
[TimeControl "2700+45"]

1. d4 d5 2. Bf4 Nf6 3. Nf3 Nc6 4. e3 e6 5. c3 Bd7 6. Bd3 Be7 7. Nbd2 O-O 8. Qc2
a6 9. h4 g6 10. Bh6 Re8 11. Ng5 e5 12. f3 exd4 13. O-O-O dxe3 14. Nb3 Ne5 15. g4
Nxd3+ 16. Qxd3 c5 17. Qe2 Ba4 18. h5 Bxb3 19. axb3 Qa5 20. hxg6 fxg6 21. Ne6 Bd6
22. Qxe3 Qb6 23. Qg5 Be7 24. Rde1 Ne4 25. Qe5 Bf6 26. Qxd5 Rxe6 27. Rxe4 Re8 28.
Rxe6 Rxe6 29. Qd7 Re7 30. Qc8+ Kf7 31. Qf8+ Ke6 32. Re1+ Kd7 33. Rd1+ Ke6 34. g5
Rf7 35. Rd6+ Qxd6 36. Qxd6+ Kxd6 37. gxf6 Rxf6 38. f4 b5 39. Kd2 Rf5 40. Ke3 Ke6
41. Ke4 Rh5 42. Bg5 Rh2 43. c4 Rxb2 44. cxb5 axb5 45. Kd3 Rxb3+ 46. Kc2 Rh3
{White resigns} 0-1

[Event "Team 45 45 League T86"]
[Site "Internet Chess Club"]
[Date "2020.10.25"]
[Round "4"]
[White "pagliaci"]
[Black "g8wrb"]
[Result "1-0"]
[WhiteElo "1230"]
[BlackElo "1257"]
[Opening "French: Tarrasch, closed variation"]
[ECO "C05"]
[Time "13:00:42"]
[TimeControl "2700+45"]

1. e4 e6 2. d4 d5 3. Nd2 Nf6 4. e5 Nfd7 5. Bd3 c5 6. c3 Nc6 7. Ne2 Qb6 8. Nf3
cxd4 9. cxd4 Be7 10. O-O O-O 11. Re1 Qd8 12. Qc2 f5 13. exf6 Nxf6 14. Bg5 Nb4
15. Qb1 Nxd3 16. Qxd3 Ne4 17. Bxe7 Qxe7 18. Ne5 Nxf2 19. Qg3 Qf6 20. Rf1 Nh1 21.
Rxf6 Nxg3 22. Rxf8+ Kxf8 23. Nxg3 Kg8 24. Rf1 b6 25. Rf7 g6 26. Kf2 Ba6 27. Ke3
Rf8 28. Rxf8+ Kxf8 29. Ne2 Ke7 30. Nf4 Bb5 31. Kf3 a5 32. Kg4 Kf6 33. h4 h5+ 34.
Kf3 Be8 35. g4 g5 36. hxg5+ Kxg5 37. gxh5 Bxh5+ 38. Nxh5 Kxh5 39. Kf4 b5 40. Nc6
a4 41. Ke5 Kg4 42. Kxe6 Kf4 43. Kxd5 Ke3 44. Kc5 Kd3 45. Kxb5 Kc2 46. Kxa4 Kxb2
47. a3 Kc3 48. Kb5 Kb3 49. a4 Kc3 50. a5 Kb2 51. a6 Kb3 52. a7 Ka3 53. a8=Q+ Kb3
54. Qa4+ Kb2 55. Kb4 Kc1 56. Kc3 Kb1 57. Qb3+ Ka1 58. Qb2# {Black checkmated}
1-0

[Event "Team 45 45 League T86"]
[Site "Internet Chess Club"]
[Date "2020.10.25"]
[Round "4"]
[White "SeniorCitizen"]
[Black "arconia"]
[Result "1-0"]
[WhiteElo "1275"]
[BlackElo "1253"]
[Opening "Sicilian: Labourdonnais-Löwenthal variation"]
[ECO "B32"]
[Time "14:00:18"]
[TimeControl "2700+45"]

1. e4 c5 2. Nf3 Nc6 3. d4 cxd4 4. Nxd4 e5 5. Nb3 Nf6 6. Nc3 Bb4 7. Bd3 O-O 8.
Bd2 d5 9. Nxd5 Bxd2+ 10. Qxd2 Nxd5 11. exd5 Qxd5 12. Bxh7+ Kxh7 13. Qxd5 Be6 14.
Qe4+ g6 15. O-O Kg7 16. c3 f5 17. Qe3 b6 18. Rfd1 f4 19. Qe4 Rac8 20. Rd6 Bf5
21. Qa4 a5 22. Qb5 e4 23. Rxc6 Rcd8 24. Qe5+ {Black resigns} 1-0

[Event "Team 45 45 League T86"]
[Site "Internet Chess Club"]
[Date "2020.10.24"]
[Round "4"]
[White "Ehab"]
[Black "kidcobra"]
[Result "1/2-1/2"]
[WhiteElo "1858"]
[BlackElo "1857"]
[Opening "Ruy Lopez: Cozio defense"]
[ECO "C60"]
[Time "14:11:09"]
[TimeControl "2700+45"]

1. e4 e5 2. Nf3 Nc6 3. Bb5 Nge7 4. O-O d6 5. d4 exd4 6. Nxd4 Bd7 7. Nc3 g6 8.
Nxc6 Nxc6 9. Bxc6 Bxc6 10. Qd4 f6 11. Nd5 Bg7 12. Nb4 Bd7 13. Qd5 a5 14. Nd3 Bc6
15. Qc4 Qe7 16. Re1 Qf7 17. Qd4 O-O 18. Bd2 f5 19. e5 Rfe8 20. f4 Qd5 21. Qf2
dxe5 22. fxe5 Bxe5 23. Nxe5 Rxe5 24. Bc3 Rxe1+ 25. Rxe1 Re8 26. Rxe8+ Bxe8 27.
Qd2 Qxd2 28. Bxd2 a4 29. a3 Kf7 30. Kf2 Ke6 31. Ke3 c5 32. b4 axb3 33. cxb3 b5
34. b4 cxb4 35. Bxb4 g5 36. Kf3 Bh5+ 37. Ke3 Kd5 38. Be7 f4+ 39. Kf2 g4 40. Bg5
Ke4 41. g3 f3 42. Bh6 Bf7 43. Bf8 h5 44. Bb4 {Game drawn by mutual agreement}
1/2-1/2